AoeStats
← Blyad _Mann

Arena

510382698Analyzed
4v4 RM · 1d ago on Sep 30, 2026· 49m 47s· 8 players
Game mode
Random Map
Map size
Large (8 player)
Population
200
Speed
Normal
Resources
Standard
Victory
Conquest
Starting age
Dark Age
Ending age
Imperial Age
RankedLock teamsTeams togetherTeam positionsShared explorationLock speedFull tech treeHidden civsTurbo modeCheats
Victory
Defeat
🇹🇷 Khmer · Türkiye
945
+15
🇬🇧 Persians · United Kingdom
933
+16
🇹🇷 Spanish · Türkiye
902
+17
🇬🇧 Franks · United Kingdom
841
+19
🇳🇱 Varangians · Netherlands
993
-21
🇩🇪 Celts · Germany
960
-18
🇩🇪 Wu · Germany
865
-14
🇪🇸 Hindustanis · Spain
864
-14
Fp OZIL 11
10:20 Feudal Age
11:07 Double-Bit Axe
11:37 Horse Collar
16:28 Castle Age
18:38 Wheelbarrow
19:41 Hand Cart
19:32 Loom
21:11 Heavy Plow
21:57 Bow Saw
23:27 Stone Mining
25:03 Forging
26:31 Scale Barding Armor
27:33 Gold Mining
31:31 Imperial Age
30:25 Stone Shaft Mining
30:43 Gold Shaft Mining
31:47 Iron Casting
33:01 Crop Rotation
33:51 Conscription
34:42 Two-Man Saw
34:41 Elite War Elephant
35:47 Husbandry
35:58 Bloodlines
38:20 Blast Furnace
38:30 Chain Barding Armor
41:56 Plate Barding Armor
44:06 Caravan
46:53 Ballistics
46:44 Masonry
46:31 Murder Holes
47:16 Hoardings
ii BLACK xEAGLE
0:52 Loom
12:30 Feudal Age
14:28 Double-Bit Axe
17:35 Castle Age
17:11 Wheelbarrow
21:29 Bow Saw
22:42 Hand Cart
23:58 Gold Mining
24:12 Stone Mining
26:36 Forging
26:31 Scale Barding Armor
28:55 Gold Shaft Mining
28:25 Treadmill Crane
28:57 Fortified Wall
29:16 Husbandry
33:28 Imperial Age
32:00 Iron Casting
33:44 Chain Barding Armor
33:17 Fletching
33:29 Cavalier
35:52 Blast Furnace
35:31 Plate Barding Armor
35:43 Ballistics
35:18 Town Watch
35:12 Paladin
37:02 Conscription
36:47 Chivalry
40:24 Chemistry
39:31 Siege Engineers
39:37 Masonry
46:03 Scale Mail Armor
46:32 Caravan
47:00 Elite Throwing Axeman
47:58 Chain Mail Armor
48:43 Squires
caglacula
7:01 Loom
12:07 Feudal Age
18:16 Castle Age
17:16 Double-Bit Axe
17:12 Horse Collar
22:22 Fletching
25:57 Ballistics
26:25 Pikeman
27:41 Squires
30:09 Forging
30:18 Bow Saw
30:14 Heavy Plow
30:07 Gold Mining
40:03 Imperial Age
40:17 Halberdier
43:28 Two-Man Saw
44:03 Chemistry
Jeladam
11:28 Feudal Age
14:58 Castle Age
13:16 Double-Bit Axe
13:13 Horse Collar
16:39 Bow Saw
17:03 Heavy Plow
21:07 Gold Mining
21:14 Stone Mining
24:02 Stone Shaft Mining
24:04 Gold Shaft Mining
23:17 Loom
24:08 Wheelbarrow
24:56 Town Watch
28:38 Imperial Age
26:29 Hand Cart
27:00 Town Patrol
28:43 Ballistics
28:36 Masonry
28:46 Fletching
29:36 Bodkin Arrow
30:43 Chemistry
29:49 Siege Engineers
29:06 Heavy Scorpion
31:09 Double Crossbow
32:32 Conscription
32:50 Hoardings
32:49 Bracer
33:22 Architecture
34:08 Crop Rotation
Blyad _Mann
0:37 Loom
12:57 Feudal Age
13:35 Horse Collar
13:41 Double-Bit Axe
18:03 Castle Age
16:27 Stone Mining
16:38 Gold Mining
19:06 Heavy Plow
20:02 Bow Saw
26:04 Forging
25:54 Scale Mail Armor
27:18 Wheelbarrow
30:20 Imperial Age
28:18 Squires
28:03 Gambesons
28:03 Arson
29:25 Scale Mail Armor
29:35 Forging
29:49 Hand Cart
31:40 Iron Casting
31:20 Chain Mail Armor
33:01 Two-Man Saw
32:01 Gothikon
34:11 Conscription
34:55 Blast Furnace
34:34 Guilds
33:50 Elite Varangian Guard
35:58 Husbandry
35:19 Cavalier
36:09 Bloodlines
36:42 Plate Mail Armor
36:17 Scale Barding Armor
38:17 Pikeman
39:23 Chain Barding Armor
40:39 Halberdier
Heinlemann
10:00 Feudal Age
11:52 Double-Bit Axe
13:52 Horse Collar
18:44 Castle Age
18:08 Forging
18:03 Scale Barding Armor
18:46 Scale Barding Armor
25:17 Fletching
25:27 Padded Archer Armor
27:15 Padded Archer Armor
31:35 Wheelbarrow
37:13 Imperial Age
34:57 Stronghold
35:29 Bodkin Arrow
35:49 Leather Archer Armor
35:36 Scale Mail Armor
38:21 Bow Saw
37:39 Capped Ram
38:51 Conscription
40:10 Siege Ram
Mephisst0
4:23 Loom
10:46 Feudal Age
11:40 Double-Bit Axe
13:02 Horse Collar
14:40 Gold Mining
16:21 Wheelbarrow
19:01 Castle Age
17:22 Stone Mining
20:05 Fletching
21:07 Husbandry
22:00 Heavy Plow
22:40 Bodkin Arrow
24:54 Caravan
25:21 Bloodlines
25:21 Scale Barding Armor
26:11 Forging
26:12 Town Watch
27:52 Fervor
29:33 Ballistics
31:56 Grand Trunk Road
32:25 Bow Saw
34:56 Hand Cart
35:59 Masonry
38:39 Imperial Age
38:00 Murder Holes
38:20 Fortified Wall
38:31 Elite Skirmisher
40:09 Conscription
39:43 Onager
41:05 Thumb Ring
41:51 Heavy Camel Rider
42:35 Bracer
42:35 Padded Archer Armor
43:11 Iron Casting
46:21 Chemistry
bgogs
11:04 Feudal Age
9:32 Loom
14:59 Castle Age
14:00 Stone Mining
14:45 Forging
14:26 Double-Bit Axe
14:25 Horse Collar
15:05 Town Watch
19:49 Fletching
21:59 Gold Mining
22:42 Padded Archer Armor
23:39 Bow Saw
24:36 Leather Archer Armor
25:03 Bodkin Arrow
27:26 Gold Shaft Mining
26:58 Red Cliffs Tactics
28:19 Wheelbarrow
27:38 Treadmill Crane
28:31 Ballistics
28:28 Masonry
28:15 Murder Holes
29:01 Squires
29:59 Heavy Plow
34:32 Imperial Age
33:05 Scale Mail Armor
33:15 Forging
34:26 Chain Mail Armor
34:04 Arson
35:21 Iron Casting
35:24 Bracer
35:54 Conscription
36:17 Stone Shaft Mining
36:00 Hand Cart
37:06 Chemistry
37:07 Plate Mail Armor
37:41 Elite Fire Archer
41:27 Blast Furnace
39:51 Pikeman
41:03 Guilds
41:37 Halberdier
42:26 Halberdier
43:31 Halberdier
Connection lost

Rejoining the realm…

Still unreachable

The connection could not be restored.

Session expired

The server has moved on; the page needs a fresh start.